 Dungeon Crawl Stone Soup version 0.27-a0-46-g34d46f0a3f (webtiles) character file.

Game seed: 6075151069522916582

970 Borgoz the Slasher (level 8, -2/48 HPs)
             Began as a Gargoyle Gladiator on Jan 7, 2021.
             Killed by nerve-wracking pain
             ... invoked by an orc priest
              (6 damage)
             ... on level 5 of the Dungeon.
             The game lasted 00:05:02 (4315 turns).

Borgoz the Slasher (Gargoyle Gladiator)             Turns: 4315, Time: 00:05:02

Health: -2/48      AC: 16    Str: 19    XL:     8   Next: 16%
Magic:  8/8        EV: 11    Int:  9    God:
Gold:   250        SH:  0    Dex: 12    Spells: 7/7 levels left

rFire    . . .     SeeInvis .   a - +0 long sword
rCold    . . .     Faith    .   (no shield)
rNeg     + . .     Spirit   .   o - +0 scale mail
rPois    ∞         Reflect  .   c - +1 helmet
rElec    +         Harm     .   (no cloak)
rCorr    .         Rampage  .   (no gloves)
Will     +....                  m - +0 pair of boots
Stlth    ..........             (no amulet)
HPRegen  0.16/turn              l - ring of willpower
MPRegen  0.11/turn              (no ring)

@: brilliant
A: negative energy resistance 1, electricity resistance, unbreathing,
petrification resistance, miasma immunity, AC +5
a: no special abilities


You were on level 5 of the Dungeon.
You visited 1 branch of the dungeon, and saw 5 of its levels.

You collected 250 gold pieces.

Inventory:

Hand Weapons
 a - a +0 long sword (weapon)
 b - a +3 short sword of draining
Armour
 c - a +1 helmet (worn)
 m - a +0 pair of boots (worn)
 o - a +0 scale mail (worn)
Jewellery
 l - a ring of willpower (left hand)
Scrolls
 d - 2 scrolls of remove curse
 e - 7 scrolls of teleportation
 f - a scroll of fear
 g - 2 scrolls of noise {unknown}
 k - a scroll of identify
Potions
 h - a potion of brilliance


   Skills:
 + Level 4.9 Fighting
 * Level 5.9 Long Blades
 - Level 1.7 Throwing
 + Level 4.1 Armour
 + Level 4.2 Dodging


You had 7 spell levels left.
You didn't know any spells.
Your spell library was empty.

Dungeon Overview and Level Annotations

Branches:
Dungeon (5/15)
 Temple: D:4-7

Altars:
Nemelex Xobeh
Qazlal

Shops:
D:4 *   D:5 [


Innate Abilities, Weirdness & Mutations

You are resistant to torment.
Your stone body is resilient. (AC +5)
You are immune to poison.
You resist negative energy. (rN+)
You are resistant to electric shocks. (rElec)
You can survive without breathing.
You are immune to petrification.
You are immune to miasma.


Message History

Your scale mail prevents you from hitting the orc wizard.
The orc wizard mumbles some strange words.
The orc wizard blinks!
Something hits you but does no damage.
The orc priest mumbles some strange prayers to Beogh against you.
Beogh smites you!
* * * LOW HITPOINT WARNING * * *
You slash something! Something hits you but does no damage.
You slash something!
Reactivating autopickup.
You feel a bit more experienced.
You hit the orc priest but do no damage.
The orc priest is severely wounded.
The orc priest calls down the wrath of Beogh upon you.
Pain shoots through your body!
* * * LOW HITPOINT WARNING * * *
You hit the orc priest but do no damage.
The orc priest is severely wounded.
The orc priest mumbles some strange prayers to Beogh against you.
Pain shoots through your body!
You die...

#########
........##############
##.......#...@oooo(#
##...#.##.#.#######.#
#......##.#.#
##...#.##.#.#####
##.##..........#
#.#####.#.###.# #.#
#.#.# ##.#####.#.#
##....^...#..


You could see an orc priest, an orc wizard and 2 orcs.

Vanquished Creatures
  Duvessa (D:4)
  A phantom (D:5)
  2 ogres (D:4)
  Dowan (D:4)
  3 scorpions
  A hound (D:4)
  An orc priest (D:5)
  2 orc wizards (D:5)
  5 worker ants
  A gnoll (D:1)
  2 howler monkey skeletons (D:4)
  3 adders
  3 oozes
  2 adder skeletons (D:4)
  A worm (D:2)
  2 leopard geckos
  12 orcs
  2 ball pythons
  2 giant cockroaches
  7 goblins
  10 hobgoblins
  5 jackals
  2 quokkas
  7 bats
  7 frilled lizards
  10 kobolds
  5 rats
100 creatures vanquished.

Notes
Turn   | Place    | Note
-------+----------+-------------------------------------------
     0 | D:1      | Borgoz the Gargoyle Gladiator began the quest for the Orb.
     0 | D:1      | Reached XP level 1. HP: 12/12 MP: 1/1
    64 | D:1      | Reached skill level 3 in Long Blades
    64 | D:1      | Reached XP level 2. HP: 18/18 MP: 2/2
   220 | D:1      | Reached skill level 1 in Armour
   276 | D:1      | Reached XP level 3. HP: 21/22 MP: 3/3
   478 | D:2      | Found a stormy altar of Qazlal.
   515 | D:2      | Noticed a scorpion
   532 | D:2      | Killed a scorpion
   533 | D:2      | Reached XP level 4. HP: 2/27 MP: 4/4
  1608 | D:2      | Reached XP level 5. HP: 30/32 MP: 5/5
  1829 | D:3      | Reached skill level 4 in Long Blades
  2675 | D:4      | Reached XP level 6. HP: 33/37 MP: 6/6
  2721 | D:4      | Found Kih Irph's Elemental Accessories.
  2745 | D:4      | Noticed Duvessa
  2745 | D:4      | Noticed Dowan
  2782 | D:4      | Killed Duvessa
  2798 | D:4      | Killed Dowan
  3040 | D:4      | Reached XP level 7. HP: 37/43 MP: 7/7
  3193 | D:4      | Reached skill level 5 in Long Blades
  3985 | D:5      | Entered Level 5 of the Dungeon
  3999 | D:5      | Found a sparkling altar of Nemelex Xobeh.
  3999 | D:5      | Found Roturph's Antique Armour Emporium.
  4072 | D:5      | Reached XP level 8. HP: 22/48 MP: 8/8
  4315 | D:5      | Killed from afar by an orc priest

Illustrated notes

Levels and vault maps discovered:
D:1:      tarquinn_simple_flora_water_d, layout_rooms, serial_park_tiny_pond,
          amethyst_killhole
D:2:      minmay_chambers_of_twos, layout_basic,
          nicolae_qazlal_general_emergency
D:3:      layout_basic
D:4:      layout_loops_ring, nicolae_elemental_shop, uniq_duvessa
D:5:      layout_loops_corners, nemelex_xobeh_ov_fountains_minmay,
          minmay_temple_entry_junction, serial_shops,
          nicolae_shop_window_shopping

Skill      XL: |  1  2  3  4  5  6  7 |
---------------+----------------------+-----
Long Blades    | 3 4 5 |  5.9
Armour         | 1 2 3 4 |  4.1
Fighting       | 3 4 |  4.9
Dodging        | 3 4 |  4.2
Throwing       | |  1.7

Action                   |  1- 3 |  4- 6 |  7- 9 || total
-------------------------+-------+-------+-------++-------
Melee: Long sword        |    52 |   269 |   137 ||   458
Throw: Throwing net      |     3 |     1 |       ||     4
  Use: Scroll            |       |     7 |       ||     7
       Potion            |       |     5 |     1 ||     6
 Stab: Held in net/web   |     1 |       |       ||     1
Armor: Leather armour    |    23 |    91 |       ||   114
       Scale mail        |       |    60 |    74 ||   134
       Skin              |       |    11 |       ||    11
Dodge: Dodged            |    47 |   192 |    76 ||   315
       Rpst.: Long sword |    20 |    62 |    21 ||   103

Table legend: (Time is in decaauts)
 A = Elapsed time spent in this place.
 B = Non-inter-level travel time spent in this place.
 C = Inter-level travel time spent in this place.
 D = Time resting spent in this place.
 E = Time spent auto-exploring this place.
 F = Levels seen in this place.
 G = Mean time per level.
                   A        B        C        D        E       F      G
               +--------+--------+--------+--------+--------+-----+--------+
         Total |   4379 |   4259 |    120 |   1015 |   2374 |   5 |  875.8 |
       Dungeon |   4379 |   4259 |    120 |   1015 |   2374 |   5 |  875.8 |
               +--------+--------+--------+--------+--------+-----+--------+

Top non-repeatable levels by time:
     D:2: 1336 daAuts
     D:4: 1328 daAuts
     D:3: 949 daAuts
     D:1: 428 daAuts
     D:5: 336 daAuts
